 Dungeon Crawl Stone Soup version 0.27.0-1-g7a089689b8 (webtiles) character file.

Game seed: 10552496002944515837

1124 SnakkuSnakku7 the Chopper (level 8, -1/42 HPs)
             Began as a Vine Stalker Berserker on Aug 11, 2021.
             Was a Priest of Trog.
             Slain by a gnoll (4 damage)
             ... on level 5 of the Dungeon.
             The game lasted 00:06:06 (3215 turns).

SnakkuSnakku7 the Chopper (Vine Stalker Berserker)  Turns: 3215, Time: 00:06:06

Health: -1/42      AC:  9    Str: 22    XL:     8   Next: 35%
Magic:  0/9        EV:  8    Int:  7    God:    Trog [***...]
Gold:   149        SH:  5    Dex: 14    Spells: 7/7 levels left

rFire    + . .     SeeInvis +   a - +0 hand axe
rCold    . . .     Faith    .   h - +0 buckler
rNeg     . . .     Spirit   +   c - +0 chain mail
rPois    .         Reflect  .   (no helmet)
rElec    .         Harm     .   k - +0 cloak {Stlth+}
rCorr    .         Rampage  .   (no gloves)
Will     +++..                  (no boots)
Stlth    ..........             (no amulet)
HPRegen  2.14/turn              i - ring of see invisible
MPRegen  0.11/turn              m - ring of protection from fire

@: strong-willed, on berserk cooldown, regenerating, slowed, very slow
A: fangs 3, regeneration 1, magic shield, antimagic bite, no potion heal 2
a: Renounce Religion, Berserk, Trog's Hand


You were on level 5 of the Dungeon.
You worshipped Trog.
Trog was most pleased with you.
You visited 1 branch of the dungeon, and saw 5 of its levels.

You collected 149 gold pieces.

Inventory:

Hand Weapons
 a - a +0 hand axe (weapon)
Missiles
 g - a throwing net (quivered)
Armour
 c - a +0 chain mail (worn)
 h - a +0 buckler (worn)
 k - a +0 cloak of stealth (worn)
Jewellery
 i - a ring of see invisible (left hand)
 m - a ring of protection from fire (right hand)
Scrolls
 e - 8 scrolls of identify {unknown}
 j - a scroll of enchant armour {unknown}
 n - a scroll of silence {unknown}
 o - a scroll of immolation {unknown}
Potions
 b - a potion of heal wounds {unknown}
 d - a potion of brilliance {unknown}
 f - a potion of haste {unknown}
 l - 3 potions of curing {unknown}
 p - a potion of flight {unknown}
 q - a potion of degeneration {unknown}


   Skills:
 - Level 4.0 Fighting
 + Level 7.6 Axes
 - Level 1.5 Armour
 - Level 1.5 Dodging
 - Level 4.0 Shields


You had 7 spell levels left.
You didn't know any spells.
Your spell library was empty.

Dungeon Overview and Level Annotations

Branches:
Dungeon (5/15)             Temple (0/1) D:4

Altars:


Innate Abilities, Weirdness & Mutations

You have razor-sharp teeth.
Your natural rate of healing is unusually fast.
When hurt, damage is shared between your health and your magic reserves.
Your bite disrupts and absorbs the magic of your enemies.
Potions cannot restore your health.


Message History

You kill the gnoll!
Trog accepts your kill.
You slash the bullfrog zombie! You slash the gnoll!
You kill the gnoll!
Trog accepts your kill.
You slash the centaur skeleton! The centaur skeleton barely misses you.
The centaur skeleton closely misses you.
You barely miss the bullfrog zombie.
The bullfrog zombie is almost destroyed.
You slash the centaur skeleton! The bullfrog zombie hits you.
* * * LOW HITPOINT WARNING * * *
The gnoll closely misses you. The gnoll barely misses you.
The centaur skeleton hits you.
* * * LOW HITPOINT WARNING * * *
You block the centaur skeleton's attack.
You slash the bullfrog zombie!
You destroy the bullfrog zombie!
Trog accepts your kill.
You can now call in reinforcements.
You completely miss the centaur skeleton.
The gnoll hits you from afar with a +0 spear.
* * * LOW HITPOINT WARNING * * *
The gnoll barely misses you.
The centaur skeleton hits you but does no damage.
The centaur skeleton kicks you but does no damage.
The scorpion zombie barely misses you.
You feel a strong urge to attack something.
You are no longer berserk.
You are exhausted.
You feel yourself slow down.
The centaur skeleton hits you but does no damage.
The centaur skeleton kicks you but does no damage.
Your skin crawls.
You feel strong-willed.
You can no longer call in reinforcements.
The scorpion zombie hits you.
* * * LOW HITPOINT WARNING * * *
The centaur skeleton hits you but does no damage.
The centaur skeleton kicks you but does no damage.
The gnoll hits you from afar with a +0 spear.
You die...

§§...# ##.### §.§...#
##..#.## §§§>$..
#..#...## §......
##.#.....## §......##
#.........# ......))##
##........## ..!...))g##
##.........#
.......#gZ###.........##
......#..Z@##.........#
#
#..P|...###..........##
# ###P..P. ##.........#
## #PP.P. #........## #.
#....# ##........#####.
##### #.##..§..§..#..
##.###§§.§..#..
##..##§§§.§....
##....#.§§§.#...


You could see 2 gnolls, a scorpion zombie and a centaur skeleton.

Vanquished Creatures
  An ogre (D:5)
  A phantom (D:4)
  A gnoll sergeant (D:5)
  A water moccasin zombie (D:5)
  A wyvern zombie (D:5)
  2 water moccasin skeletons (D:5)
  3 bullfrog zombies (D:5)
  2 centaur zombies
  4 hounds
  Crazy Yiuf (D:2)
  A jelly (D:4)
  A scorpion zombie (D:5)
  2 orc wizards (D:4)
  A hound skeleton (D:5)
  A hound zombie (D:5)
  10 gnolls (D:5)
  4 adders
  An ufetubus (D:5)
  2 adder skeletons (D:4)
  An adder zombie (D:5)
  A worm (D:2)
  3 dart slugs
  7 orcs
  6 ball pythons
  5 endoplasms
  7 goblins
  6 hobgoblins
  4 jackals (D:3)
  6 kobolds
  3 quokkas
  11 bats
  5 frilled lizards
  5 rats
110 creatures vanquished.

Vanquished Creatures (others)
  A withered plant (D:5)
1 creature vanquished.

Grand Total: 111 creatures vanquished

Notes
Turn   | Place    | Note
-------+----------+-------------------------------------------
     0 | D:1      | SnakkuSnakku7 the Vine Stalker Berserker began the quest
                  | for the Orb.
     0 | D:1      | Reached XP level 1. HP: 11/11 MP: 2/2
   231 | D:1      | Reached skill level 3 in Axes
   231 | D:1      | Reached XP level 2. HP: 16/16 MP: 3/3
   496 | D:1      | Found a faded altar of an unknown god.
   835 | D:2      | Reached XP level 3. HP: 20/20 MP: 4/4
  1012 | D:2      | Reached ** piety under Trog
  1106 | D:2      | Found a runed translucent door.
  1107 | D:2      | Noticed Crazy Yiuf
  1211 | D:2      | Gained mutation: Your natural rate of healing is unusually
                  | fast. [Vine Stalker growth]
  1211 | D:2      | Reached XP level 4. HP: 17/25 MP: 3/5
  1672 | D:2      | Killed Crazy Yiuf
  1847 | D:3      | Reached skill level 4 in Axes
  1901 | D:3      | Reached XP level 5. HP: 24/29 MP: 6/6
  2143 | D:4      | Noticed a phantom
  2149 | D:4      | Killed a phantom
  2150 | D:4      | Reached skill level 1 in Shields
  2237 | D:4      | Reached XP level 6. HP: 33/33 MP: 7/7
  2241 | D:4      | Reached *** piety under Trog
  2272 | D:4      | Found a staircase to the Ecumenical Temple.
  2306 | D:4      | Reached skill level 5 in Axes
  2687 | D:5      | Entered Level 5 of the Dungeon
  2703 | D:5      | Reached XP level 7. HP: 37/37 MP: 8/8
  2973 | D:5      | Reached skill level 6 in Axes
  3034 | D:5      | Gained mutation: You have razor-sharp teeth. [Vine Stalker
                  | growth]
  3034 | D:5      | Reached XP level 8. HP: 42/42 MP: 9/9
  3199 | D:5      | Reached skill level 7 in Axes
  3211 | D:5      | Reached **** piety under Trog
  3211 | D:5      | HP: 3/63 [gnoll (4)]
  3215 | D:5      | Slain by a gnoll

Illustrated notes

Levels and vault maps discovered:
D:1:      erik_arrival_cave_to_civilisation [erik_arrival_cave_to_hall],
          layout_basic, hellmonk_ecumenical_altar_arch_garden,
          amcnicky_mini_rare_corridor_liquid, kennysheep_small_spiral,
          minmay_pentomino_u2
D:2:      layout_basic, st_stairs_7, chequers_serial_rivers_large_a,
          uniq_crazy_yiuf_cottage
D:3:      layout_rooms
D:4:      layout_cave_pools, minmay_temple_entry_crystal_x
D:5:      layout_cave_pods, serial_undead, serial_undead_d, serial_undead_a,
          serial_undead_d, serial_undead_b, serial_undead_c, serial_undead_a,
          serial_undead_c, serial_undead_c, uniq_duvessa

Skill      XL: |  1  2  3  4  5  6  7  8 |
---------------+-------------------------+-----
Fighting       | 3 4 |  4.0
Axes           | 3 4 5 6 7 |  7.6
Shields        | 1 3 4 |  4.0
Armour         | |  1.5
Dodging        | |  1.5

Action                   |  1- 3 |  4- 6 |  7- 9 || total
-------------------------+-------+-------+-------++-------
Melee: Hand axe          |    96 |   129 |    98 ||   323
       Bite              |    21 |    36 |    38 ||    95
Invok: Berserk           |     3 |     3 |     4 ||    10
       Trog's Hand       |       |       |     2 ||     2
Armor: Chain mail        |    64 |    90 |    67 ||   221
       Animal skin       |     4 |       |       ||     4
Dodge: Dodged            |    48 |    63 |    58 ||   169
Block: Buckler           |       |    19 |    24 ||    43
